[Event "FRA-ch Open A-D 2018"]
[Site "Nimes"]
[Date "2018.08.25"]
[Round "8"]
[White "Verhille, Elie"]
[Black "Grundman, Anatole"]
[Result "0-1"]
[ECO "B52"]
[WhiteElo "1862"]
[BlackElo "1928"]
[Annotator "NA RC"]
[PlyCount "108"]
[EventDate "2018.08.18"]
[EventType "tourn"]
[EventCountry "FRA"]
[SourceTitle "playchess.com"]
[Source "ChessBase"]
[SourceQuality "1"]
[TimeControl "40/5400+30:1800+30"]

1. e4 c5 2. Nf3 d6 3. Bb5+ Bd7 4. Bxd7+ Qxd7 5. O-O Nc6 6. c3 Nf6 7. Re1 e6 8. d4 cxd4 9. cxd4 d5 10. e5 Ne4 11. Nbd2 Nxd2 12. Bxd2 Be7 13. Rc1 O-O 14. a3 Qd8 15. Rc3 Na5 16. Be3 b5 17. Nd2 b4 18. axb4 Bxb4 19. Rc2 Qd7 20. Rf1 Rfc8 21. f4 Qb5 22. Nf3 Nc4 23. Bc1 Nb6 24. g4 Rxc2 25. Qxc2 Rc8 26. Qf2 Qd3 27. f5 Rc2 28. Qh4 Rxc1 29. Rxc1 Qe3+ 30. Kg2 Qxc1 31. fxe6 fxe6 32. Qd8+ Bf8 33. Qe8 Qc8 34. Qxc8 Nxc8 35. Ng5 Be7 36. Nxe6 Nb6 37. Nf4 Kf7 38. Kf3 g5 39. Nd3 Ke6 40. Ke2 a5 41. b3 a4 42. bxa4 Nxa4 43. h4 Nc3+ 44. Kf3 gxh4 45. Kf4 Ne4 46. Kf3 Bg5 47. Ne1 Nd2+ 48. Kg2 Nb3 49. Nf3 Be3 50. Kh3 Nxd4 51. Nxh4 Kxe5 52. Kg3 Bg5 53. Ng2 Ke4 54. Ne1 Bh4+ 0-1

[Event "FRA-ch Open A-D 2018"]
[Site "Nimes"]
[Date "2018.08.25"]
[Round "8"]
[White "Radoman, Emmanuel"]
[Black "Brouard, Gregoire"]
[Result "1-0"]
[ECO "C06"]
[WhiteElo "1818"]
[BlackElo "1898"]
[Annotator "NA RC"]
[PlyCount "117"]
[EventDate "2018.08.18"]
[EventType "tourn"]
[EventCountry "FRA"]
[SourceTitle "playchess.com"]
[Source "ChessBase"]
[SourceQuality "1"]
[TimeControl "40/5400+30:1800+30"]

1. e4 e6 2. d4 d5 3. Nd2 Nf6 4. e5 Nfd7 5. Bd3 c5 6. c3 Nc6 7. Ne2 cxd4 8. cxd4 f6 9. exf6 Nxf6 10. O-O Bd6 11. Nf3 O-O 12. Bf4 Nh5 13. Bxd6 Qxd6 14. Qc1 Bd7 15. Qg5 Be8 16. Rac1 Nf4 17. Nxf4 Qxf4 18. Rfd1 h6 19. Qxf4 Rxf4 20. Bb5 Na5 21. Bxe8 Rxe8 22. Ne5 b5 23. b3 a6 24. Rc7 Rff8 25. g3 Rb8 26. Rdc1 Ra8 27. Re7 Rfc8 28. Rxc8+ Rxc8 29. Rxe6 Rc2 30. Rxa6 Rxa2 31. b4 Ra1+ 32. Kg2 Nb3 33. Rd6 Nxd4 34. Rxd5 Nc2 35. Rxb5 Rb1 36. Rb8+ Kh7 37. b5 Na3 38. b6 Rb3 39. b7 Rb5 40. Nf7 Nc4 41. Rh8+ Kg6 42. b8=Q Rxb8 43. Rxb8 Kxf7 44. h4 Ne5 45. Rb5 Ng4 46. Kf3 Nf6 47. g4 Ng8 48. Kf4 Ne7 49. Rb7 Kf6 50. Rxe7 Kxe7 51. Kf5 Kf7 52. h5 Kg8 53. Kg6 Kh8 54. f4 Kg8 55. g5 hxg5 56. fxg5 Kh8 57. Kf7 Kh7 58. g6+ Kh8 59. h6 1-0

[Event "FRA-ch Open A-D 2018"]
[Site "Nimes"]
[Date "2018.08.25"]
[Round "8"]
[White "Dimey, Cyrille"]
[Black "Verin, Jules"]
[Result "1-0"]
[ECO "A41"]
[WhiteElo "1807"]
[BlackElo "1941"]
[Annotator "NA RC"]
[PlyCount "67"]
[EventDate "2018.08.18"]
[EventType "tourn"]
[EventCountry "FRA"]
[SourceTitle "playchess.com"]
[Source "ChessBase"]
[SourceQuality "1"]
[TimeControl "40/5400+30:1800+30"]

1. d4 g6 2. c4 Bg7 3. Nc3 d6 4. Nf3 Nd7 5. Bg5 Ngf6 6. e3 h6 7. Bh4 O-O 8. Be2 c5 9. d5 Ne5 10. Nd2 a6 11. a4 g5 12. Bg3 Bf5 13. Bxe5 dxe5 14. e4 Bh7 15. h4 gxh4 16. Rxh4 Ne8 17. g4 Nd6 18. Bd3 e6 19. Rh5 Bg6 20. Rh2 Qg5 21. Qe2 f5 22. dxe6 fxg4 23. Nd5 Rae8 24. e7 Rf7 25. O-O-O Bf6 26. Rg1 h5 27. Kc2 Bxe7 28. Rgh1 Ref8 29. Ne3 Kg7 30. Nf5+ Kg8 31. Nh4 Rh7 32. Nf1 Qf4 33. Nxg6 Qh6 34. Nh4 1-0

[Event "FRA-ch Open A-D 2018"]
[Site "Nimes"]
[Date "2018.08.25"]
[Round "8"]
[White "Rasolo, Loick"]
[Black "Alashtar, Aasef"]
[Result "0-1"]
[ECO "D45"]
[WhiteElo "1723"]
[BlackElo "1724"]
[Annotator "NA RC"]
[PlyCount "70"]
[EventDate "2018.08.18"]
[EventType "tourn"]
[EventCountry "FRA"]
[SourceTitle "playchess.com"]
[Source "ChessBase"]
[SourceQuality "1"]
[TimeControl "40/5400+30:1800+30"]

1. d4 Nf6 2. c4 e6 3. Nf3 d5 4. Nc3 c6 5. e3 Nbd7 6. Be2 Bb4 7. Bd2 O-O 8. O-O dxc4 9. Bxc4 Bd6 10. Qc2 e5 11. Rad1 Qc7 12. h3 exd4 13. Nxd4 Ne5 14. Be2 Re8 15. e4 Ng6 16. Bg5 Be5 17. Bxf6 Bxf6 18. Nd5 Qd8 19. Nxf6+ Qxf6 20. Nf5 Bxf5 21. exf5 Nf4 22. Bf3 g6 23. fxg6 hxg6 24. Bg4 Rad8 25. Rxd8 Rxd8 26. g3 Nd5 27. Qb3 Nb6 28. Bf3 Rd2 29. Rb1 Qd4 30. Qe3 Qxe3 31. fxe3 Nc4 32. b3 Nxe3 33. a4 Nf5 34. g4 Nd4 35. Be4 Ne2+ 0-1

[Event "FRA-ch Open A-D 2018"]
[Site "Nimes"]
[Date "2018.08.25"]
[Round "8"]
[White "Prudent, Sylvio"]
[Black "Lamarque, Damien"]
[Result "1-0"]
[ECO "A06"]
[WhiteElo "1709"]
[BlackElo "1720"]
[Annotator "NA RC"]
[PlyCount "129"]
[EventDate "2018.08.18"]
[EventType "tourn"]
[EventCountry "FRA"]
[SourceTitle "playchess.com"]
[Source "ChessBase"]
[SourceQuality "1"]
[TimeControl "40/5400+30:1800+30"]

1. Nf3 d5 2. b3 c5 3. Bb2 e6 4. e3 Nf6 5. Be2 Be7 6. O-O O-O 7. Ne5 Nfd7 8. f4 Nxe5 9. Bxe5 Nc6 10. Bb2 d4 11. e4 b6 12. d3 g5 13. Bh5 f5 14. exf5 exf5 15. fxg5 Bxg5 16. Qf3 Qd6 17. Na3 Ba6 18. Rae1 Ne7 19. Nc4 Bxc4 20. dxc4 Ng6 21. Bc1 Bxc1 22. Rxc1 Rae8 23. Rce1 Rxe1 24. Rxe1 Kg7 25. Qd3 Rf7 26. Rf1 Qe5 27. h3 Qe4 28. Rf3 Rf6 29. Qd2 Qh4 30. Bxg6 hxg6 31. Qf2 Qe4 32. Rd3 Re6 33. Qg3 Qe2 34. Qc7+ Re7 35. Qd6 Qe1+ 36. Kh2 Qe5+ 37. Qxe5+ Rxe5 38. Rd2 Re3 39. Kg1 Kf6 40. Kf2 f4 41. Rd3 Ke5 42. a4 Ke4 43. Rd2 g5 44. Re2 d3 45. cxd3+ Kxd3 46. Rxe3+ fxe3+ 47. Ke1 Kc3 48. g3 Kxb3 49. h4 gxh4 50. gxh4 Kxa4 51. h5 Kb4 52. h6 Kxc4 53. h7 a5 54. h8=Q b5 55. Qh4+ Kb3 56. Qg5 Kb4 57. Qxe3 a4 58. Kd2 c4 59. Kc2 a3 60. Qc3+ Ka4 61. Kb1 b4 62. Qxc4 Ka5 63. Ka2 Kb6 64. Qxb4+ Kc6 65. Kxa3 1-0

[Event "FRA-ch Open A-D 2018"]
[Site "Nimes"]
[Date "2018.08.25"]
[Round "8"]
[White "Vette, Valerie"]
[Black "Piat, Jean-Pascal"]
[Result "0-1"]
[ECO "B01"]
[WhiteElo "1683"]
[BlackElo "1711"]
[Annotator "NA RC"]
[PlyCount "106"]
[EventDate "2018.08.18"]
[EventType "tourn"]
[EventCountry "FRA"]
[SourceTitle "playchess.com"]
[Source "ChessBase"]
[SourceQuality "1"]
[TimeControl "40/5400+30:1800+30"]

1. e4 d5 2. exd5 Qxd5 3. Nc3 Qd6 4. d4 Nf6 5. Nf3 a6 6. Bc4 b5 7. Bb3 Bb7 8. Qd3 e6 9. a4 b4 10. Ne2 Be4 11. Qe3 Be7 12. c4 c5 13. g4 cxd4 14. Nexd4 Nc6 15. Rg1 Nxd4 16. Nxd4 Qxh2 17. f3 Qh4+ 18. Kf1 Bb7 19. Qe5 Qh3+ 20. Ke2 Rc8 21. Be3 Bc5 22. Nxe6 Qxf3+ 23. Kd2 Ne4+ 24. Kc2 Qe2+ 25. Kb1 Nd2+ 26. Ka2 Qxe3 27. Nxg7+ Kf8 28. Ne6+ Ke7 29. Qxe3 Bxe3 30. Rge1 Nxb3 31. Kxb3 fxe6 32. Rxe3 Rhg8 33. Rae1 Rg6 34. Kxb4 Rd8 35. Rh3 h6 36. Rhe3 Rd4 37. b3 Rdxg4 38. Ka5 h5 39. Kb6 Bc8 40. Kc7 Bd7 41. c5 Rg8 42. Kb6 Rb4+ 43. Ka5 Rgg4 44. c6 Bc8 45. Rc1 Rb8 46. Re5 Kd6 47. Rxh5 Rxb3 48. Rd1+ Kxc6 49. Rc1+ Kb7 50. Rhc5 Rg8 51. Rc7+ Kb8 52. R1c5 Re8 53. Rb7+ Bxb7 0-1

[Event "FRA-ch Open A-D 2018"]
[Site "Nimes"]
[Date "2018.08.25"]
[Round "8"]
[White "Chemier, Maxime"]
[Black "Fischer, Thorange"]
[Result "1/2-1/2"]
[ECO "B40"]
[WhiteElo "1626"]
[BlackElo "1577"]
[Annotator "NA RC"]
[PlyCount "139"]
[EventDate "2018.08.18"]
[EventType "tourn"]
[EventCountry "FRA"]
[SourceTitle "playchess.com"]
[Source "ChessBase"]
[SourceQuality "1"]
[TimeControl "40/5400+30:1800+30"]

1. e4 c5 2. Nf3 e6 3. d4 cxd4 4. Nxd4 Nf6 5. Nc3 Nc6 6. Bc4 Qc7 7. Bb3 a6 8. a3 Nxd4 9. Qxd4 Bc5 10. Qd1 b5 11. Bg5 Be7 12. O-O Bb7 13. Qd3 Ng4 14. Qh3 Bxg5 15. Qxg4 Bf6 16. Nd1 Bc6 17. c3 O-O 18. Ne3 a5 19. Nc2 Qb7 20. Rfe1 d5 21. e5 Be7 22. Nd4 b4 23. axb4 axb4 24. Nxc6 Qxc6 25. c4 dxc4 26. Bxc4 Rxa1 27. Rxa1 Ra8 28. Rd1 Bc5 29. Qe2 Qb6 30. b3 Bd4 31. Kf1 h6 32. Qe4 Rd8 33. Qd3 Kf8 34. f4 Ke7 35. Ke2 Qa7 36. Qd2 Qb7 37. Kf1 Qb6 38. Qd3 Qc5 39. Ke2 Qa7 40. Qd2 Qb7 41. Kf1 Qb6 42. Qd3 Qa7 43. Ke2 Bb6 44. Qf3 Qa2+ 45. Ke1 Bf2+ 46. Kf1 Rxd1+ 47. Qxd1 Bc5 48. Qf3 Kd8 49. Ke1 Kc7 50. Qe2 Qb1+ 51. Kd2 Qb2+ 52. Kd1 Qa1+ 53. Kc2 Qc3+ 54. Kd1 Be3 55. Qc2 Qxc2+ 56. Kxc2 Bxf4 57. h3 Bxe5 58. Kd3 Kd6 59. g4 f5 60. Ke3 f4+ 61. Ke4 g5 62. Kf3 Bc3 63. Ke4 f3 64. Kxf3 Ke5 65. Ke3 Bd4+ 66. Kf3 Bc5 67. Kg3 Be3 68. Kf3 Bf4 69. Ke2 Bg3 70. Kf3 1/2-1/2

[Event "FRA-ch Open A-D 2018"]
[Site "Nimes"]
[Date "2018.08.25"]
[Round "8"]
[White "Koch, Emilie"]
[Black "Choiset, Arthur"]
[Result "0-1"]
[ECO "B23"]
[WhiteElo "1498"]
[BlackElo "1313"]
[Annotator "NA RC"]
[PlyCount "60"]
[EventDate "2018.08.18"]
[EventType "tourn"]
[EventCountry "FRA"]
[SourceTitle "playchess.com"]
[Source "ChessBase"]
[SourceQuality "1"]
[TimeControl "40/5400+30:1800+30"]

1. e4 c5 2. Nc3 d6 3. f4 Nc6 4. Nf3 Nf6 5. Bc4 e6 6. d3 Be7 7. O-O a6 8. a4 O-O 9. e5 dxe5 10. fxe5 Ng4 11. Qe1 Ncxe5 12. Nxe5 Qd4+ 13. Kh1 Qxe5 14. Qxe5 Nxe5 15. Ba2 b6 16. Bf4 Ng6 17. Bc7 Bd8 18. Bd6 Re8 19. Rae1 Be7 20. Bc7 b5 21. axb5 axb5 22. Bb3 Bd7 23. Ne4 c4 24. dxc4 bxc4 25. Bxc4 Rec8 26. Bb3 Rxc7 27. Rf2 f5 28. Nc3 Kf8 29. Bxe6 Bxe6 30. Rxe6 Ra1+ 0-1

[Event "FRA-ch Open A-D 2018"]
[Site "Nimes"]
[Date "2018.08.25"]
[Round "8"]
[White "Gignoux-Pezzetti, Nathan"]
[Black "Alcindor, Samuel"]
[Result "0-1"]
[ECO "B20"]
[WhiteElo "1458"]
[BlackElo "1462"]
[Annotator "NA RC"]
[PlyCount "76"]
[EventDate "2018.08.18"]
[EventType "tourn"]
[EventCountry "FRA"]
[SourceTitle "playchess.com"]
[Source "ChessBase"]
[SourceQuality "1"]
[TimeControl "40/5400+30:1800+30"]

1. e4 c5 2. c4 Nc6 3. Nc3 g6 4. g3 Bg7 5. Bg2 Nf6 6. Nge2 d6 7. O-O O-O 8. d3 Rb8 9. h3 a6 10. Rb1 b5 11. b3 b4 12. Nd5 Qa5 13. Nxf6+ Bxf6 14. Qc2 Bb7 15. Be3 Bg7 16. f4 Bh6 17. g4 e6 18. g5 Bg7 19. h4 Ne7 20. d4 cxd4 21. Bxd4 Bxd4+ 22. Nxd4 Qc5 23. Qf2 d5 24. cxd5 exd5 25. Rbc1 Qa5 26. exd5 Nxd5 27. Bxd5 Qxd5 28. Nf3 Qf5 29. Ne5 Rbc8 30. Rc4 Bd5 31. Rd1 Bxc4 32. Nd7 Qg4+ 33. Kh2 Qxd1 34. Nf6+ Kg7 35. Kg3 Qd3+ 36. Kg2 Bd5+ 37. Kg1 Rc1+ 38. Qf1 Qg3# 0-1

[Event "FRA-ch Open A-D 2018"]
[Site "Nimes"]
[Date "2018.08.25"]
[Round "8"]
[White "Desplanque, Christophe"]
[Black "Davidou, Delphine"]
[Result "0-1"]
[ECO "A00"]
[WhiteElo "1454"]
[BlackElo "1446"]
[Annotator "NA RC"]
[PlyCount "120"]
[EventDate "2018.08.18"]
[EventType "tourn"]
[EventCountry "FRA"]
[SourceTitle "playchess.com"]
[Source "ChessBase"]
[SourceQuality "1"]
[TimeControl "40/5400+30:1800+30"]

1. b4 Nf6 2. Bb2 g6 3. Bxf6 exf6 4. a3 Bg7 5. e3 d5 6. Nf3 O-O 7. c4 Bg4 8. h3 Bc8 9. cxd5 Qxd5 10. Nc3 Qd8 11. Rc1 a6 12. Be2 Nc6 13. d4 Ne7 14. O-O c6 15. Nd2 f5 16. Nb3 Be6 17. Nc5 Bc8 18. Bf3 f4 19. Nb3 fxe3 20. fxe3 Nf5 21. Re1 Bh6 22. Qd3 Nh4 23. Rc2 Nxf3+ 24. gxf3 Bxh3 25. Rh2 Qg5+ 26. Kh1 Bf5 27. e4 Be6 28. Rg1 Qe3 29. Qxe3 Bxe3 30. Re1 Bf4 31. Rb2 Bxb3 32. Rxb3 Bd2 33. Rd1 Bxc3 34. Rxc3 Rad8 35. Rcd3 Rd7 36. d5 Rfd8 37. d6 f6 38. f4 Kf7 39. f5 Re8 40. fxg6+ hxg6 41. Re3 Re5 42. Rd4 Ke6 43. Red3 Rg5 44. Rh3 Ke5 45. Rc4 Rxd6 46. Rc5+ Ke6 47. Rxg5 fxg5 48. Re3 Ke5 49. Kg2 Kf4 50. Rf3+ Kxe4 51. Rf7 b5 52. Ra7 Rd2+ 53. Kf1 Kf3 54. Rf7+ Kg3 55. Ra7 Rc2 56. Rxa6 Kf3 57. Ke1 g4 58. Ra7 g3 59. Rf7+ Kg4 60. Kf1 g2+ 0-1

[Event "FRA-ch Open A-D 2018"]
[Site "Nimes"]
[Date "2018.08.25"]
[Round "8"]
[White "Sithisak, Remi"]
[Black "Serrano Soriano, Emilio Jose"]
[Result "1-0"]
[ECO "E10"]
[WhiteElo "1360"]
[BlackElo "1395"]
[Annotator "NA RC"]
[PlyCount "73"]
[EventDate "2018.08.18"]
[EventType "tourn"]
[EventCountry "FRA"]
[SourceTitle "playchess.com"]
[Source "ChessBase"]
[SourceQuality "1"]
[TimeControl "40/5400+30:1800+30"]

1. d4 Nf6 2. c4 e6 3. Nf3 h6 4. a3 b6 5. Nc3 Bb7 6. Bf4 a6 7. e3 Nh5 8. Bg3 Nxg3 9. hxg3 Be7 10. Be2 d6 11. Qc2 Nd7 12. b4 Rc8 13. O-O O-O 14. Rfd1 Nf6 15. e4 Nh7 16. e5 Qe8 17. Bd3 Ng5 18. Nh4 f5 19. exf6 Bxf6 20. Bg6 Qc6 21. f4 Nh3+ 22. gxh3 Bxh4 23. Be4 d5 24. cxd5 exd5 25. Bxd5+ Qxd5 26. Nxd5 Bxd5 27. gxh4 Rxf4 28. Rf1 Rxh4 29. Qf5 Rd8 30. Rae1 Rxd4 31. Rd1 Rxd1 32. Rxd1 c6 33. a4 Rf8 34. Rxd5 Rxf5 35. Rxf5 Kh7 36. Re5 g5 37. Re6 1-0

[Event "FRA-ch Open A-D 2018"]
[Site "Nimes"]
[Date "2018.08.26"]
[Round "9"]
[White "Giacomini, Hector"]
[Black "Weill, Roland"]
[Result "1-0"]
[ECO "B06"]
[WhiteElo "2196"]
[BlackElo "2138"]
[Annotator "NA"]
[PlyCount "109"]
[EventDate "2018.08.18"]
[EventType "tourn"]
[EventCountry "FRA"]
[SourceTitle "playchess.com"]
[Source "ChessBase"]
[SourceQuality "1"]
[TimeControl "40/5400+30:1800+30"]

1. Nf3 g6 2. d4 Bg7 3. e4 d6 4. c3 Nf6 5. Bd3 O-O 6. O-O Nc6 7. h3 e5 {[%emt 0:01:23] LiveBook: 347 Games} 8. Nbd2 d5 {[%emt 0:16:01] B07: Pirc Defence: Miscellaneous Systems} (8... Nd7 9. Nb3 a5 10. Be3 a4 11. Nbd2 a3 12. b3 exd4 13. Nxd4 Nc5 14. Bc2 Re8 15. Rc1 Bd7 16. Re1 {0-1 (43) Aronian,L (2793)-Vachier Lagrave,M (2796) Leuven 2017}) 9. Nxe5 Nxe5 10. dxe5 Nxe4 11. Nf3 $146 ({Predecessor:} 11. Bxe4 dxe4 12. Nxe4 Qxd1 13. Rxd1 Bxe5 14. Bg5 Bf5 15. Nf6+ Bxf6 16. Bxf6 {½-½ (40) Sandipan,C (2593)-Nouri,H (2363) Mumbai 2016}) 11... f5 12. c4 Nc5 13. Bg5 Qd7 14. cxd5 Qxd5 15. Bc2 Qxd1 16. Rfxd1 Ne6 17. Bb3 Kh8 18. Rac1 Nxg5 19. Nxg5 Bxe5 20. Nf7+ Rxf7 21. Bxf7 Kg7 22. Bb3 Bd6 23. Rxd6 cxd6 24. Rc7+ Kf6 25. Rxh7 Be6 26. Bxe6 Kxe6 27. Rxb7 a5 28. Rb5 a4 29. g4 fxg4 30. hxg4 Rc8 31. Kg2 Rc2 32. Kg3 a3 33. bxa3 Rxa2 34. Rb3 g5 35. f4 gxf4+ 36. Kxf4 Kf6 37. Rd3 d5 38. Rb3 Rf2+ 39. Rf3 Ra2 40. g5+ Kg6 41. Rg3 (41. Rd3 $16) 41... Ra1 42. Ke5 Rd1 43. Rg4 Ra1 44. a4 d4 45. Rxd4 Kxg5 46. Rb4 Ra2 47. Kd6 Kf6 48. Re4 Rc2 49. a5 Ra2 50. Re5 Rd2+ 51. Rd5 Ra2 52. Rb5 Rc2 53. a6 Ra2 54. Rb6 Ra1 55. Kc7+ 1-0

[Event "FRA-ch Open A-D 2018"]
[Site "Nimes"]
[Date "2018.08.26"]
[Round "9"]
[White "Lux, Hugo de Melo"]
[Black "Bianchi, Guillaume"]
[Result "1/2-1/2"]
[ECO "B23"]
[WhiteElo "2147"]
[BlackElo "2064"]
[Annotator "NA"]
[PlyCount "61"]
[EventDate "2018.08.18"]
[EventType "tourn"]
[EventCountry "FRA"]
[SourceTitle "playchess.com"]
[Source "ChessBase"]
[SourceQuality "1"]
[TimeControl "40/5400+30:1800+30"]

1. e4 c5 2. Nc3 e6 3. f4 a6 4. Nf3 Nc6 5. g3 d6 6. Bg2 Nf6 7. O-O Be7 8. b3 Qc7 9. Bb2 O-O 10. Qe2 $11 Nd4 11. Nxd4 cxd4 12. Nd1 e5 13. f5 b5 14. Rc1 Bb7 15. Nf2 b4 16. c4 bxc3 17. dxc3 dxc3 18. Rxc3 Qb6 19. Rfc1 Rfc8 20. Rxc8+ Rxc8 21. Rxc8+ Bxc8 22. Bc1 Bb7 23. Be3 Qb4 24. Qd2 Qxd2 25. Bxd2 Kf8 26. Kf1 Bd8 27. Bg5 h6 28. Bxf6 Bxf6 29. Ke2 Bd8 30. Nd1 Bb6 31. Nc3 1/2-1/2

[Event "FRA-ch Open A-D 2018"]
[Site "Nimes"]
[Date "2018.08.26"]
[Round "9"]
[White "Baillot, Justin"]
[Black "Pham, Arthur"]
[Result "1/2-1/2"]
[ECO "B70"]
[WhiteElo "2101"]
[BlackElo "2107"]
[Annotator "NA"]
[PlyCount "71"]
[EventDate "2018.08.18"]
[EventType "tourn"]
[EventCountry "FRA"]
[SourceTitle "playchess.com"]
[Source "ChessBase"]
[SourceQuality "1"]
[TimeControl "40/5400+30:1800+30"]

1. e4 c5 2. Nf3 d6 3. d4 cxd4 4. Nxd4 Nf6 5. Nc3 g6 6. g3 Bg7 7. Bg2 O-O {[%emt 0:03:53] LiveBook: 270 Games} 8. O-O Qd7 $146 {[%emt 0:08:19] B70: Sicilian Dragon: 6 g3 and 6 Be2 (without a later Be3)} ({Predecessor:} 8... Nc6 9. Nde2 Re8 10. b3 Bg4 11. Bb2 Ne5 12. f3 Bd7 13. Kh1 Rc8 14. Nd5 Nxd5 15. exd5 Qb6 16. c4 Qa6 17. Nd4 {1-0 (33) Tiviakov,S (2569)-Korobov,A (2678) Nakhchivan 2018}) 9. h3 Nc6 10. Nde2 b6 11. b3 Bb7 12. Bb2 e6 13. Qd2 Rfd8 14. Rad1 Ne7 15. e5 Ne8 16. Ne4 Nc6 17. f4 Qc8 18. Nf6+ Nxf6 19. exf6 Bf8 20. h4 Na5 21. h5 Qc5+ 22. Nd4 Bxg2 23. Kxg2 Qd5+ 24. Nf3 (24. Kf2 $16) 24... Qxh5 25. Ng5 h6 26. Rh1 Qg4 27. Rh4 Qf5 28. Nf3 (28. g4 $11 {bleibt in der Remisbreite.} Qb5 29. Nf3) 28... Rac8 29. c4 {[%emt 0:00:26] [#]} Nxc4 (29... e5 $1 $17 30. Qf2 Qxf6 31. fxe5 dxe5 32. Bxe5 Qc6) 30. bxc4 Rxc4 31. Nd4 $11 Qd5+ 32. Nf3 Qc6 33. Rc1 Rxc1 34. Qxc1 Qxc1 35. Bxc1 Rc8 36. Bb2 1/2-1/2

[Event "FRA-ch Open A-D 2018"]
[Site "Nimes"]
[Date "2018.08.26"]
[Round "9"]
[White "Pottier, Simeon"]
[Black "El Mchaouri Mas, Younes"]
[Result "1-0"]
[ECO "E91"]
[WhiteElo "2092"]
[BlackElo "2120"]
[Annotator "NA"]
[PlyCount "71"]
[EventDate "2018.08.18"]
[EventType "tourn"]
[EventCountry "FRA"]
[SourceTitle "playchess.com"]
[Source "ChessBase"]
[SourceQuality "1"]
[TimeControl "40/5400+30:1800+30"]

1. d4 g6 2. c4 Bg7 3. e4 d6 4. Nc3 Nf6 5. Nf3 O-O 6. Be2 Bg4 {[%emt 0:00:06] LiveBook: 2027 Games} 7. O-O Nfd7 8. Be3 Nc6 9. d5 Bxf3 10. Bxf3 Na5 11. Be2 Bxc3 12. bxc3 Nc5 $146 {[%emt 0:04:09] E91: Königsindisch (Klassisches System)} ({Vorgänger:} 12... e5 13. dxe6 fxe6 14. f4 Qe7 15. Rb1 b6 16. Qc2 Rf7 17. Rf2 Nc5 18. Bxc5 dxc5 19. e5 Rd8 20. g3 Qe8 21. Rff1 Rfd7 {½-½ (64) Nguyen,N (2629)-Akopian,V (2675) Doha 2016}) 13. Bxc5 dxc5 14. f4 e5 15. f5 f6 16. fxg6 hxg6 17. Rf3 Kg7 18. Rg3 Rh8 19. Qd3 Qd6 20. Rf1 Raf8 21. Bg4 Rh6 22. Bf5 Rfh8 23. Be6 Rf8 24. Rgf3 Qe7 25. Rg3 b6 26. Rff3 Nb7 27. Rg4 Nd6 28. Rfg3 Qe8 $16 (28... Rfh8 $11 {remains equal.}) 29. h4 Rfh8 30. Bf5 Nxf5 31. exf5 Rxh4 32. Rxg6+ Kf7 33. d6 Rh1+ 34. Kf2 Qc6 35. Rg7+ Kf8 36. d7 1-0

[Event "FRA-ch Open A-D 2018"]
[Site "Nimes"]
[Date "2018.08.26"]
[Round "9"]
[White "Sabatier, Mathis"]
[Black "Graillon, David"]
[Result "1-0"]
[ECO "A50"]
[WhiteElo "1904"]
[BlackElo "1837"]
[Annotator "NA"]
[PlyCount "85"]
[EventDate "2018.08.18"]
[EventType "tourn"]
[EventCountry "FRA"]
[SourceTitle "playchess.com"]
[Source "ChessBase"]
[SourceQuality "1"]
[TimeControl "40/5400+30:1800+30"]

1. d4 Nf6 2. c4 b6 3. Nc3 Bb7 4. Qc2 e6 5. e4 Bb4 6. Bd3 d5 7. Qa4+ Nc6 8. cxd5 exd5 9. Bb5 Bxc3+ 10. bxc3 Qd7 11. e5 a6 12. Bxc6 Bxc6 13. Qc2 Qe6 14. Ne2 Nd7 15. Nf4 Qe7 16. Qb3 Nxe5 17. dxe5 Qxe5+ 18. Be3 Qe4 19. Qb1 Qe7 20. O-O O-O 21. Qd1 Rad8 22. Re1 Qf6 23. Qg4 Bd7 24. Qg3 Qf5 25. Bd4 f6 26. Qf3 Bc8 27. Rad1 g5 28. Nh5 Rd6 29. Qxf5 Bxf5 30. Nxf6+ Rdxf6 31. Bxf6 Rxf6 32. Rxd5 Kf7 33. Rde5 Be6 34. a3 h6 35. g3 c6 36. Rd1 Ke7 37. h4 gxh4 38. gxh4 Rg6+ 39. Kh2 Kf6 40. Re3 Rg4 41. Rd6 Rg6 42. Rd1 Bd5 43. Rg1 1-0

[Event "FRA-ch Open A-D 2018"]
[Site "Nimes"]
[Date "2018.08.26"]
[Round "9"]
[White "Brouard, Gregoire"]
[Black "Grundman, Anatole"]
[Result "0-1"]
[ECO "E77"]
[WhiteElo "1898"]
[BlackElo "1928"]
[Annotator "NA"]
[PlyCount "92"]
[EventDate "2018.08.18"]
[EventType "tourn"]
[EventCountry "FRA"]
[SourceTitle "playchess.com"]
[Source "ChessBase"]
[SourceQuality "1"]
[TimeControl "40/5400+30:1800+30"]

1. d4 Nf6 2. c4 g6 3. Nc3 Bg7 4. e4 d6 5. Be2 c5 6. d5 {[%emt 0:08:21] LiveBook: 358 Games} O-O 7. f4 e6 8. Nf3 exd5 9. cxd5 Nbd7 10. O-O Re8 11. e5 ({Günstiger ist} 11. Qc2 $11) 11... dxe5 12. fxe5 Ng4 {[%emt 0:14:45] [#]} 13. e6 $1 Nde5 $18 (13... fxe6 $16 {keeps fighting.} 14. dxe6 Nb6) 14. Ng5 f5 15. h3 h6 16. hxg4 Nxg4 17. g3 Bd4+ 18. Kg2 hxg5 19. Bxg4 fxg4 20. Qd2 b5 21. Qxg5 Qxg5 22. Bxg5 Bxc3 23. bxc3 Bb7 24. e7 Bxd5+ 25. Kg1 Bf3 26. Rf2 Kf7 27. Rh2 Rh8 28. Bh4 Rh5 29. Re1 Re8 30. Rd2 Rf5 31. Rd7 g5 32. Bxg5 Rxg5 33. Rxa7 Rh5 34. Re3 Rh1+ 35. Kf2 Rh2+ 36. Kf1 Rg2 37. Re5 Kf6 38. Rxc5 Rh8 39. e8=N+ Rxe8 40. Ra6+ Re6 41. Rxe6+ Kxe6 42. Rxb5 Rxa2 43. Rg5 Rc2 44. Rc5 Rg2 45. Rh5 Rxg3 46. Rh2 Rh3 0-1

[Event "FRA-ch Open A-D 2018"]
[Site "Nimes"]
[Date "2018.08.26"]
[Round "9"]
[White "Pigeat, Benoit"]
[Black "Destic, Pablo"]
[Result "0-1"]
[ECO "C65"]
[WhiteElo "1868"]
[BlackElo "1921"]
[Annotator "NA"]
[PlyCount "112"]
[EventDate "2018.08.18"]
[EventType "tourn"]
[EventCountry "FRA"]
[SourceTitle "playchess.com"]
[Source "ChessBase"]
[SourceQuality "1"]
[TimeControl "40/5400+30:1800+30"]

1. e4 e5 2. Nf3 Nc6 3. Bb5 Bc5 4. O-O Nf6 5. d3 d6 6. h3 Bb6 {[%emt 0:03:15] C65: Ruy Lopez: Berlin Defence (3...Nf6), unusual lines and 4 0-0 Bc5} (6... O-O 7. c3 Bd7 8. Re1 Bb6 9. Nbd2 Ne7 10. Bxd7 Qxd7 11. Nc4 Ng6 12. Qb3 Rfe8 13. Bg5 Nh5 14. a4 Nhf4 15. d4 Nxh3+ 16. gxh3 Qxh3 {½-½ (38) Van Kampen,R (2643)-Hracek,Z (2594) Germany 2016}) 7. c3 h6 8. Nbd2 a6 9. Ba4 O-O 10. b4 $146 ({Predecessor:} 10. Re1 Bd7 11. Nf1 Ne7 12. Bxd7 Qxd7 13. a4 a5 14. Ng3 Ng6 15. d4 Rfe8 {½-½ (44) Panitevsky,I (2307)-Slawinski,T (2371) ICCF email 2014}) 10... Ne7 11. Bb3 Ng6 12. Nc4 Ba7 13. Kh2 Qe7 14. Be3 c6 15. Bxa7 Rxa7 16. Ne3 Nf4 17. Ng1 Qd7 18. Nf5 d5 19. f3 dxe4 20. dxe4 Qxd1 21. Raxd1 Bxf5 22. exf5 Raa8 23. c4 Rad8 24. Rxd8 Rxd8 25. Rd1 Rxd1 26. Bxd1 Nd3 27. a3 Nb2 28. Bb3 c5 29. Ne2 e4 30. fxe4 Nxe4 31. bxc5 Nxc5 32. Ba2 Kf8 33. Nc3 Ke7 34. Kg3 Kf6 35. Kf4 Nbd3+ 36. Ke3 Ke5 37. Ne2 Nb2 38. g4 Nd1+ 39. Kd2 Nf2 40. Ng1 Kf4 41. Ke2 Nfe4 42. Ke1 Ke3 43. Bb1 Nd2 44. Bc2 Nxc4 45. a4 Nb2 46. Ne2 Nbxa4 47. Nc1 Nc3 48. Kf1 Kd2 49. Nb3+ Nxb3 50. Bxb3 f6 51. Kf2 a5 52. Kf3 $19 a4 53. Be6 a3 54. Kf4 Kd3 55. h4 a2 56. Bxa2 Nxa2 0-1